 Dungeon Crawl Stone Soup version 0.30-a0-166-g5d06c95188 (webtiles) character file.

Game seed: 15760822919359674884

114 qw the Chopper (level 4, -1/28 HPs)
             Began as a Gargoyle Fighter on Sept 28, 2022.
             Slain by an orc priest
             ... wielding a +0 hand axe
              (3 damage)
             ... on level 3 of the Dungeon.
             The game lasted 00:00:48 (2339 turns).

qw the Chopper (Gargoyle Fighter)                   Turns: 2339, Time: 00:00:48

Health: -1/28      AC: 11    Str: 21    XL:     4   Next: 98%
Magic:  4/4        EV:  9    Int:  9    God:
Gold:   124        SH:  4    Dex:  9    Spells: 3/3 levels left

rFire   . . .      SeeInvis .    Y - +0 war axe
rCold   . . .      Faith    .    c - +0 buckler
rNeg    + . .      Spirit   .    b - +0 scale mail
rPois   inf        Reflect  .    a - +0 helmet
rElec   +          Harm     .    (no cloak)
rCorr   .          Rampage  .    (no gloves)
Will    .....                    (no boots)
Stlth   ..........               (no amulet)
HPRegen 0.09/turn                (no ring)
MPRegen 0.09/turn                (no ring)

@: no status effects
A: sickness immunity, AC +3, negative energy resistance 1, electricity
resistance, torment resistance 1, petrification resistance
a: no special abilities


You were on level 3 of the Dungeon.
You visited 1 branch of the dungeon, and saw 3 of its levels.

You collected 124 gold pieces.


Innate Abilities, Weirdness & Mutations

You are immune to sickness and miasma.
Your stone body is resilient. (AC +3)
You are immune to poison.
You resist negative energy. (rN+)
You are resistant to electric shocks. (rElec)
You are resistant to unholy torment.
You are immune to petrification.


   Skills:
 - Level 3.2 Fighting
 + Level 4.5 Axes
 - Level 3.2 Armour
 - Level 3.2 Shields


You had 3 spell levels left.
You didn't know any spells.
Your spell library was empty.

Inventory:

Hand Weapons
 h - a +4 mace
 Y - a +0 war axe (weapon)
Armour
 a - a +0 helmet (worn)
 b - a +0 scale mail (worn)
 c - a +0 buckler (worn)
Scrolls
 k - a scroll of identify
Potions
 d - a potion of might
 f - a potion of flight {unknown}
 g - a potion of mutation {unknown}
 i - a potion of heal wounds {unknown}
 j - a potion of haste {unknown}

Dungeon Overview and Level Annotations

Branches:
Dungeon (3/15)

Altars:


Message History

The orc wizard completely misses you.
2329 ||| DRINKING 2 potions of curing.
You feel better.
2329 ||| (to cure confusion)
The orc priest mumbles some strange prayers to Beogh against you.
Beogh smites you!
Ouch! That really hurt!
The orc wizard casts a spell at you. The puff of flame hits you.
You barely miss the orc wizard.
The orc wizard is heavily wounded.
The orc wizard hits you but does no damage.
You barely miss the orc wizard.
The orc wizard is heavily wounded.
The orc wizard points at you and mumbles some strange words.
You are confused.
2332 ||| DRINKING potion of curing.
You feel better.
2332 ||| (to cure confusion)
The orc wizard closely misses you.
You slash the orc wizard!
You kill the orc wizard!
You block the hobgoblin's attack.
You closely miss the hobgoblin. The hobgoblin misses you.
You barely miss the hobgoblin. The hobgoblin hits you.
You hit the hobgoblin.
The hobgoblin is almost dead.
The hobgoblin barely misses you.
The orc priest calls down the wrath of Beogh upon you.
Beogh smites you!
The hobgoblin hits you but does no damage.
You hit the hobgoblin.
You kill the hobgoblin!
You hit the orc priest but do no damage.
The orc priest miscasts a cantrip.
You slash the orc priest!
The orc priest is heavily wounded.
The orc priest barely misses you.
The orc priest hits you with a +0 hand axe.
You die...

#.#.####.#
#.#....#.#
#######.#<%..#.#
.......>######.#
###..........#
#.####...#.########
#.................
...###.#.#.###.####
#@#.#.# # #o###.#
.o. ... ........
#.#.###.## #.#..
#.# ###.# ...


You could see an orc priest and an orc.

Vanquished Creatures
  An orc wizard (D:3)
  Robin (D:2)
  2 adders (D:2)
  2 dart slugs (D:1)
  3 ball pythons
  3 endoplasms
  3 giant cockroaches
  13 goblins
  8 hobgoblins
  A quokka (D:1)
  6 bats
  2 frilled lizards (D:1)
  6 kobolds
  3 rats
54 creatures vanquished.

Notes
Turn   | Place    | Note
-------+----------+-------------------------------------------
     0 | D:1      | qw the Gargoyle Fighter began the quest for the Orb.
     0 | D:1      | Reached XP level 1. HP: 14/14 MP: 1/1
     0 | D:1      | 0 ||| qw: Version: 0.2-a-12-gaebbb33
     0 | D:1      | 0 ||| qw: Game counter: 976
     0 | D:1      | 0 ||| qw: Always use a shield: true
     0 | D:1      | 0 ||| qw: God list: Okawaru
     0 | D:1      | 0 ||| qw: Allow faded altars: false
     0 | D:1      | 0 ||| qw: Do Orc after D:15 true
     0 | D:1      | 0 ||| qw: Do second Lair branch before Depths: true
     0 | D:1      | 0 ||| qw: Lair rune preference: random
     0 | D:1      | 0 ||| qw: Plans: Normal, Zot:1-4, God:TSO, Crypt, Tomb,
                  | Pan, Slime:5, Hells, Abyss, Orb
     0 | D:1      | 0 ||| PLANNING D:1-11
    64 | D:1      | 64 ||| Stepping ~*~*~tactically~*~*~ (stealth).
    72 | D:1      | Reached skill level 2 in Axes
   399 | D:1      | Reached XP level 2. HP: 19/19 MP: 2/2
   711 | D:1      | Found a faded altar of an unknown god.
   773 | D:1      | 773 ||| Stepping ~*~*~tactically~*~*~ (stealth).
   778 | D:1      | 778 ||| Stepping ~*~*~tactically~*~*~ (stealth).
   785 | D:1      | Reached skill level 3 in Axes
   799 | D:1      | Reached XP level 3. HP: 14/23 MP: 3/3
   810 | D:1      | 810 ||| Stepping ~*~*~tactically~*~*~ (stealth).
  1128 | D:1      | 1128 ||| READING scroll labelled PATADI KAPPOXT.
  1129 | D:1      | 1129 ||| READING scroll labelled ETEEST BIHA.
  1196 | D:2      | 1196 ||| Stepping ~*~*~tactically~*~*~ (stealth).
  1199 | D:2      | 1199 ||| Stepping ~*~*~tactically~*~*~ (stealth).
  1200 | D:2      | Noticed Robin
  1201 | D:2      | 1201 ||| Stepping ~*~*~tactically~*~*~ (hiding).
  1216 | D:2      | Killed Robin
  1278 | D:2      | 1278 ||| Stepping ~*~*~tactically~*~*~ (stealth).
  1428 | D:2      | Reached XP level 4. HP: 28/28 MP: 4/4
  1481 | D:2      | Reached skill level 4 in Axes
  1774 | D:2      | 1774 ||| Stepping ~*~*~tactically~*~*~ (stealth).
  1775 | D:2      | 1775 ||| Stepping ~*~*~tactically~*~*~ (stealth).
  2254 | D:2      | 2254 ||| UPGRADING to +0 helmet.
  2259 | D:2      | 2259 ||| READING 3 scrolls labelled XAUPUA GUIJATO.
  2260 | D:2      | 2260 ||| READING scroll labelled YPLIRINIRE.
  2261 | D:2      | 2261 ||| DRINKING 3 bubbling emerald potions.
  2262 | D:2      | 2262 ||| DROPPING 2 scrolls of poison.
  2329 | D:3      | 2329 ||| DRINKING 2 potions of curing.
  2329 | D:3      | 2329 ||| (to cure confusion)
  2332 | D:3      | 2332 ||| DRINKING potion of curing.
  2332 | D:3      | 2332 ||| (to cure confusion)
  2336 | D:3      | HP: 2/28 [orc priest/divine providence (10)]
  2339 | D:3      | Slain by an orc priest

Levels and vault maps discovered:
D:1:      ebering_hopf_link, layout_basic, hellmonk_ecumenical_altar_run_dry
D:2:      layout_loops_corners, hangedman_decor_points, minmay_door_square,
          hangedman_decor_opposing, uniq_robin
D:3:      layout_basic, minmay_misc_feat_nine_boxes, minmay_starry_boxes,
          uniq_ijyb

Skill      XL: |  1  2  3  4 |
---------------+-------------+-----
Axes           | 2 3 4 |  4.5
Fighting       | |  3.2
Armour         | |  3.2
Shields        | |  3.2

Action                   |  1- 3 |  4- 6 || total
-------------------------+-------+-------++-------
Melee: War axe           |   112 |    75 ||   187
  Use: Scroll            |     2 |     2 ||     4
       Potion            |       |     3 ||     3
Armor: Scale mail        |    54 |    45 ||    99
Dodge: Dodged            |    49 |    35 ||    84
Block: Buckler           |    24 |    14 ||    38

Table legend:
 A = Non-vault XP
 B = Vault XP
 C = Vault XP percentage of total XP
 D = Non-vault monster count
 E = Vault monster count
 F = Vault count percentage of total count
                 A         B        C        D         E       F
            +---------+---------+-------+---------+---------+-------
      Total |     130 |      34 |  20.7 |      43 |      11 |  20.4
            +---------+---------+-------+---------+---------+-------
        D:1 |      40 |       0 |   0.0 |      22 |       0 |   0.0
        D:2 |      51 |      34 |  40.0 |      18 |      11 |  37.9
        D:3 |      39 |       0 |   0.0 |       3 |       0 |   0.0
            +---------+---------+-------+---------+---------+-------
